 Dungeon Crawl Stone Soup version 0.27-a0-1140-g099f9bb0e8 (webtiles) character file.

Game seed: 9608349081343251975

934 davidhughjones the Skirmisher (level 8, -15/61 HPs)
             Began as a Human Fighter on May 9, 2021.
             Was a Follower of Dithmenos.
             Killed from afar by Ijyb (28 damage)
             ... with a bolt of acid
             ... on level 5 of the Dungeon.
             The game lasted 01:06:39 (4725 turns).

davidhughjones the Skirmisher (Human Fighter)       Turns: 4725, Time: 01:06:40

Health: -15/61     AC: 16    Str: 17    XL:     8   Next: 33%
Magic:  8/8        EV: 11    Int:  8    God:    Dithmenos [*.....]
Gold:   151        SH:  7    Dex: 15    Spells: 7/7 levels left

rFire    . . .     SeeInvis .   A - +2 mace (protect)
rCold    . . .     Faith    .   r - +2 buckler
rNeg     . . .     Spirit   .   l - +0 ring mail
rPois    .         Reflect  .   (no helmet)
rElec    .         Harm     .   (no cloak)
rCorr    .         Rampage  .   (no gloves)
Will     .....                  x - +2 pair of boots
Stlth    +.........             (no amulet)
HPRegen  0.20/turn              (no ring)
MPRegen  0.11/turn              (no ring)

@: lethally poisoned (-15 -> -22), about to teleport, under a protective aura,
wreathed by umbra
A: no striking features
a: Renounce Religion


You were on level 5 of the Dungeon.
You worshipped Dithmenos.
Dithmenos was aware of your devotion.
You visited 1 branch of the dungeon, and saw 5 of its levels.

You collected 181 gold pieces.
You spent 30 gold pieces at shops.

Inventory:

Hand Weapons
 a - a +0 long sword
 i - a +0 short sword
 j - a +0 spear
 o - a +0 hunting sling
 y - a +0 rapier
 A - a +2 mace of protection (weapon)
 F - a +0 falchion
Missiles
 e - 66 stones (quivered)
 n - 19 arrows
 q - 43 bolts
Armour
 b - a +0 scale mail
 c - a +0 kite shield
 g - a +0 leather armour
 h - a +0 robe
 l - a +0 ring mail (worn)
 r - a +2 buckler (worn)
 x - a +2 pair of boots (worn)
 E - a +2 robe of willpower
Magical Staves
 m - a staff of cold
Jewellery
 k - a ring of protection from cold
Wands
 t - a wand of iceblast (11)
Scrolls
 p - a scroll of teleportation
 C - a scroll of vulnerability {unknown}
 D - a scroll of fear {unknown}
 G - a scroll of identify
Potions
 d - a potion of heal wounds {unknown}
 f - a potion of brilliance {unknown}
 u - 2 potions of ambrosia {unknown}
 v - a potion of flight
 w - a potion of curing {unknown}
 z - a potion of cancellation
 B - a potion of mutation {unknown}


   Skills:
 + Level 4.8 Fighting
 + Level 3.8(4.3) Short Blades
 + Level 3.0(3.9) Long Blades
 + Level 0.2 Maces & Flails
 + Level 1.8 Polearms
 + Level 2.4(3.0) Slings
 + Level 2.5(3.0) Throwing
 + Level 4.5 Armour
 + Level 1.4 Dodging
 + Level 0.7 Stealth
 + Level 3.9 Shields
 + Level 0.1 Evocations


You had 7 spell levels left.
You didn't know any spells.
Your spell library contained the following spells:

 Spells                   Type           Power      Damage    Failure   Level
 Summon Small Mammal      Summ           0%         N/A       58%         1
 Call Imp                 Summ           0%         N/A       75%         2
 Call Canine Familiar     Summ           0%         N/A       92%         3
 Summon Guardian Golem    Hex/Summ       0%         N/A       92%         3
 Summon Ice Beast         Ice/Summ       0%         N/A       100%        4
 Summon Lightning Spire   Summ/Air       0%         N/A       100%        4


Dungeon Overview and Level Annotations

Branches:
Dungeon (5/15)
 Temple: D:4-7

Altars:
Dithmenos
Fedhas
Okawaru

Shops:
D:1 *   D:4 *[   D:5 [

Annotations:
D:5 Ijyb


Message History

You throw a javelin. The javelin pierces through Ijyb.
Ijyb is lightly wounded.
Throw: 4 javelins
Press: ? - help, Q - select action, (/) - cycle Shift-Dir - straight line, f/p - Ijyb
Aim: Ijyb, wielding a +5 dagger of venom, wearing a +0 chain mail and carrying a wand of acid (8) (lightly wounded, 62% to hit)
You throw a javelin. The javelin barely misses Ijyb.
Throw: 3 javelins
Press: ? - help, Q - select action, (/) - cycle Shift-Dir - straight line, f/p - Ijyb
Aim: Ijyb, wielding a +5 dagger of venom, wearing a +0 chain mail and carrying a wand of acid (8) (lightly wounded, 62% to hit)
You throw a javelin.
The javelin pierces through Ijyb but does no damage.
Ijyb is lightly wounded.
Ijyb zaps a wand.
The bolt of acid misses you.
Ijyb screams, "Die!"
Throw: 2 javelins
Press: ? - help, Q - select action, (/) - cycle Shift-Dir - straight line, f/p - Ijyb
Aim: Ijyb, wielding a +5 dagger of venom, wearing a +0 chain mail and carrying a wand of acid (7) (lightly wounded, 62% to hit)
You throw a javelin. The javelin pierces through Ijyb.
Ijyb is lightly wounded.
Throw: javelin
Press: ? - help, Q - select action, (/) - cycle Shift-Dir - straight line, f/p - Ijyb
Aim: Ijyb, wielding a +5 dagger of venom, wearing a +0 chain mail and carrying a wand of acid (7) (lightly wounded, 62% to hit)
You throw a javelin. The javelin barely misses Ijyb.
Ijyb zaps a wand.
The bolt of acid hits you!
You are splashed with acid!
Ijyb hits you with a +5 dagger of venom.
You are poisoned.
You sock Ijyb!
Your weapon exudes an aura of protection.
Ijyb is heavily wounded.
You feel very sick.
Ijyb drinks a potion.
Ijyb seems to grow stronger.
Ijyb zaps a wand.
The bolt of acid hits you.
You are splashed with acid!
* * * LOW HITPOINT WARNING * * *
You remove your ring of protection from cold.
You feel sick.
As you read the scroll of teleportation, it crumbles to dust.
You feel strangely unstable.
You feel very sick.
Ijyb zaps a wand.
The bolt of acid hits you!!
You die...

....##...## ##.#..
### ..(......#
##..#.# ....
.......... .....##
.....#.........
#....#
...#.........#
#..... ...........#
#....
#.g........####....
#@# ..............
#.# #..##.##....##
#.###..#..####.###
##.##.....## #.###
#.........###..##
#.##...##...#.#...
..# ###.###...###..
#... #..##...# ##.
.... ##.###.## #..


You could see Ijyb (strong).

Vanquished Creatures
  A sky beast (D:5)
  An ice beast (D:5)
  4 necrophages (D:5)
  A water moccasin zombie (D:5)
  A howler monkey (D:4)
  A bullfrog zombie (D:5)
  An orc priest (D:5)
  2 hounds (D:5)
  Natasha (D:4)
  An iguana (D:5)
  A howler monkey zombie (D:5)
  A howler monkey skeleton (D:4)
  7 adders
  An adder skeleton (D:4)
  A worm (D:3)
  5 dart slugs
  3 orcs
  4 bats
  5 endoplasms
  2 giant cockroaches
  4 goblins
  A hobgoblin (D:1)
  2 jackals (D:4)
  2 kobolds (D:1)
  5 quokkas
  3 ball pythons (D:1)
  2 rats
63 creatures vanquished.

Vanquished Creatures (others)
  A bush (D:5)
  10 plants (D:5)
11 creatures vanquished.

Grand Total: 74 creatures vanquished

Notes
Turn   | Place    | Note
-------+----------+-------------------------------------------
     0 | D:1      | davidhughjones the Human Fighter began the quest for the
                  | Orb.
     0 | D:1      | Reached XP level 1. HP: 18/18 MP: 1/1
   102 | D:1      | Reached XP level 2. HP: 7/24 MP: 2/2
   481 | D:1      | Found Otiwyez's General Store.
   519 | D:1      | Bought a +0 spear for 30 gold pieces
   928 | D:1      | Reached XP level 3. HP: 26/29 MP: 3/3
  1767 | D:2      | Reached XP level 4. HP: 35/37 MP: 4/4
  2289 | D:3      | Found a shadowy altar of Dithmenos.
  2312 | D:3      | Became a worshipper of Dithmenos the Shadowed
  2780 | D:3      | You fall into a shaft and drop 1 floor!
  2785 | D:4      | Found an iron altar of Okawaru.
  2874 | D:4      | Reached skill level 1 in Throwing
  2959 | D:4      | Found Juohenoj's Armour Shoppe.
  2986 | D:4      | Reached skill level 1 in Slings
  2986 | D:4      | Reached XP level 5. HP: 42/42 MP: 5/5
  2987 | D:4      | Found Okaedakuna's Elemental Accessories.
  3684 | D:4      | Noticed Natasha
  3693 | D:4      | Killed Natasha
  3778 | D:5      | Entered Level 5 of the Dungeon
  3797 | D:5      | Reached XP level 6. HP: 36/48 MP: 6/6
  3806 | D:5      | Reached skill level 1 in Short Blades
  4093 | D:5      | Found a blossoming altar of Fedhas.
  4097 | D:5      | Noticed a necrophage
  4097 | D:5      | Noticed a necrophage
  4098 | D:5      | Noticed a necrophage
  4099 | D:5      | Noticed a necrophage
  4169 | D:5      | Killed a necrophage
  4170 | D:5      | Reached XP level 7. HP: 54/54 MP: 7/7
  4183 | D:5      | Reached * piety under Dithmenos
  4184 | D:5      | Reached skill level 1 in Dodging
  4193 | D:5      | Reached skill level 1 in Polearms
  4277 | D:5      | Reached XP level 8. HP: 54/61 MP: 8/8
  4667 | D:5      | Found Vanyelom's Antique Armour Shop.
  4716 | D:5      | Noticed Ijyb
  4725 | D:5      | Killed from afar by Ijyb

Illustrated notes

Levels and vault maps discovered:
D:1:      nagdon_arrival_zigzag_paths, layout_basic, serial_shops, shop_statue,
          serial_glass, glass_columns_a, glass_columns_a, feat_on_display,
          minmay_nonomino_d4
D:2:      layout_basic
D:3:      layout_basic, nicolae_overflow_hidden_temple, old_standard_altar,
          ebering_ecumenical_altar_hall, wad_floor_pattern_untrapped
D:4:      layout_cave_pods, old_standard_altar, serial_shops,
          kennysheep_little_box, minmay_misc_feat_cross, hangedman_decor_lopped,
          nicolae_elemental_shop, uniq_natasha, uniq_menkaure
D:5:      layout_layer_cave, fedhas_altar_decomposition,
          nicolae_qazlal_scattered_showers, minmay_temple_entry_junction,
          serial_shops, shop, uniq_ijyb

Skill      XL: |  1  2  3  4  5  6  7 |
---------------+----------------------+-----
Throwing       | 1 2 |  2.5
Slings         | 1 2 |  2.4
Long Blades    | 3 |  3.0
Short Blades   | 1 3 |  3.8
Armour         | 4 |  4.5
Fighting       | 4 |  4.8
Dodging        | 1 |  1.4
Polearms       | 1 |  1.8
Maces & Flails | |  0.2
Stealth        | |  0.7
Shields        | |  3.9
Evocations     | |  0.1

Action                   |  1- 3 |  4- 6 |  7- 9 || total
-------------------------+-------+-------+-------++-------
Melee: Long sword        |    73 |    32 |       ||   105
       Spear             |     3 |    39 |       ||    42
       Rapier            |       |    59 |    52 ||   111
       Mace              |       |       |    25 ||    25
 Fire: Hunting sling     |     4 |    22 |       ||    26
Throw: Stone             |     7 |       |     1 ||     8
       Javelin           |       |    33 |    17 ||    50
Evoke: Wand              |       |     1 |     1 ||     2
  Use: Scroll            |     2 |     3 |     1 ||     6
       Potion            |       |     3 |     1 ||     4
Armor: Scale mail        |    39 |    35 |    26 ||   100
       Skin              |       |       |    20 ||    20
       Ring mail         |       |       |     2 ||     2
Dodge: Dodged            |    22 |    38 |    18 ||    78
Block: Kite shield       |    52 |       |       ||    52
       Buckler           |       |    37 |    17 ||    54
       Rpst.: Long sword |     9 |     4 |       ||    13

Table legend: (Time is in decaauts)
 A = Elapsed time spent in this place.
 B = Non-inter-level travel time spent in this place.
 C = Inter-level travel time spent in this place.
 D = Time resting spent in this place.
 E = Time spent auto-exploring this place.
 F = Levels seen in this place.
 G = Mean time per level.
                   A        B        C        D        E       F      G
               +--------+--------+--------+--------+--------+-----+--------+
         Total |   4841 |   3758 |   1083 |    853 |    764 |   5 |  968.2 |
       Dungeon |   4841 |   3758 |   1083 |    853 |    764 |   5 |  968.2 |
               +--------+--------+--------+--------+--------+-----+--------+

Top non-repeatable levels by time:
     D:1: 1361 daAuts
     D:4: 1025 daAuts
     D:5: 979 daAuts
     D:2: 921 daAuts
     D:3: 552 daAuts
